 Dungeon Crawl Stone Soup version 0.21-a0-113-g6841d05 (console) character file.

916 utis the Insei (level 8, 0/60 HPs)
             Began as a Human Artificer on July 12, 2017.
             Succumbed to a killer bee's poison
             ... on level 4 of the Dungeon.
             The game lasted 00:28:45 (14406 turns).

utis the Insei (Human Artificer)                   Turns: 14406, Time: 00:28:46

Health: 0/60       AC:  0    Str: 14    XL:     8   Next: 30%
Magic:  10/10      EV: 14    Int: 12    God:
Gold:   185        SH:  0    Dex: 14    Spells: 7/7 levels left

rFire    . . .     SeeInvis .     - Unarmed
rCold    . . .     Gourm    .   (no shield)
rNeg     . . .     Faith    .   (no armour)
rPois    .         Spirit   .   (no helmet)
rElec    .         Reflect  .   (no cloak)
rCorr    .         Harm     .   (no gloves)
MR       .....                  (no boots)
Stlth    ++........             (no amulet)
HPRegen  0.20/turn              (no ring)
MPRegen  0.12/turn              (no ring)

@: lethally poisoned (0 -> -11)
A: no striking features
a: no special abilities


You were on level 4 of the Dungeon.
You were not hungry.

You visited 1 branch of the dungeon, and saw 5 of its levels.

You collected 185 gold pieces.

Inventory:

Missiles
 a - 53 stones
 g - 10 bolts
 q - 28 sling bullets
 u - 28 poisoned needles
 v - a tomahawk (quivered)
 w - 3 javelins
Magical Staves
 y - an uncursed staff of cold {unknown}
Wands
 c - a wand of flame (0/48)
 d - a wand of enslavement (6/24)
 e - a wand of random effects (0/48)
Scrolls
 b - 4 scrolls of remove curse {@r2}
 f - a scroll of magic mapping {unknown}
 h - a scroll of recharging {unknown}
 j - a scroll of amnesia {unknown}
 k - a scroll of enchant armour {unknown}
 l - a scroll of noise
 m - a scroll of immolation {unknown}
 p - 2 scrolls of teleportation {unknown}
 x - a scroll of enchant weapon {unknown}
Potions
 i - a potion of berserk rage {!q}
 n - a potion of flight
 r - 2 potions of resistance
 s - a potion of haste {@q3}
 z - a potion of magic
Comestibles
 o - a chunk of flesh
 t - a royal jelly {@e3}


   Skills:
 + Level 3.9 Fighting
   Level 1.0 Short Blades
 + Level 4.1 Dodging
 - Level 1.0 Stealth
 * Level 7.0 Unarmed Combat
 - Level 3.0 Evocations


You had 7 spell levels left.
You didn't know any spells.

Dungeon Overview and Level Annotations

Branches:
Dungeon (5/15)             Temple (0/1) D:5

Altars:
Cheibriados
Makhleb
Nemelex Xobeh
Qazlal
Trog
Zin

Shops:
D:5 *

Annotations:
D:2 exclusion: worm
D:5 Prince Ribbit


Message History

You are more poisoned.
The killer bee poisons you!
Okay, then.
Evoke which item? (* to show all) (? for menu, Esc to quit)
Aiming: Enslavement
Press: ? - help, Shift-Dir - straight line, f - killer bee
Aim: a killer bee (heavily wounded, chance to defeat MR: 63%)
The killer bee resists with significant effort.
This wand has 7 charges left.
You feel sick. The killer bee stings you!
* * * LOW HITPOINT WARNING * * *
The killer bee stings you!
* * * LOW HITPOINT WARNING * * *
Unknown command.
Evoke which item? (* to show all) (? for menu, Esc to quit)
Aiming: Enslavement
Press: ? - help, Shift-Dir - straight line, f/p - killer bee
Aim: a killer bee (heavily wounded, chance to defeat MR: 63%)
The killer bee resists with significant effort.
This wand has 6 charges left.
You die...

..░░░.░░ ░......░░░ ░░░.........
..░░..░
░░........░░░░...........
.░░░.░░
░.....................░░░
..░░.░░░░....................░░
░..░.░░....░.................░░
░........░░░░....>)...........░░
░░.....░░░ ░...░░░░░..........░░
░....░░░ ░░.y░░ ░░➘...░░░....
.....░ ░..p░░░░....░░ ░░░..
.....░ ░░....➘....░░ ░░. .....░
░........░░ ░░ .....░ ░░.......░
.....░░░ ░.......░░ .......░░░
░░<......░░
.........░░░░░.........░
.....<.........░░░░░░..░░ ░
...............░ ░░..░░ ░


You could see a killer bee.

Vanquished Creatures
  An ogre (D:4)
  A bullfrog (D:4)
  A water moccasin zombie (D:5)
  2 crimson imps (D:4)
  A bullfrog zombie (D:4)
  4 hounds
  2 orc priests
  An orc wizard (D:3)
  2 bullfrog skeletons
  A worker ant (D:4)
  A hound skeleton (D:4)
  A worker ant zombie (D:5)
  A howler monkey skeleton (D:4)
  7 adders
  4 gnolls
  5 oozes
  6 worms
  A dart slug (D:2)
  2 leopard geckos (D:3)
  13 orcs
  A ball python (D:4)
  6 bats
  7 giant cockroaches
  10 goblins
  7 hobgoblins
  3 jackals (D:1)
  13 kobolds
  4 quokkas (D:2)
  5 frilled lizards
  9 rats
122 creatures vanquished.

Vanquished Creatures (collateral kills)
  An orc priest (D:3)
  An orc (D:3)
2 creatures vanquished.

Vanquished Creatures (others)
  An orc wizard (D:3)
  An ooze (D:3)
  An orc (D:3)
  A hobgoblin (D:2)
4 creatures vanquished.

Grand Total: 128 creatures vanquished

Notes
Turn   | Place    | Note
-------+----------+-------------------------------------------
     0 | D:1      | utis the Human Artificer began the quest for the Orb.
     0 | D:1      | Reached XP level 1. HP: 15/15 MP: 3/3
     0 | D:1      | NAKED TIME!
   613 | D:1      | Reached skill level 1 in Unarmed Combat
   671 | D:1      | Reached XP level 2. HP: 9/21 MP: 4/4
  1556 | D:1      | Reached skill level 2 in Unarmed Combat
  2247 | D:2      | Reached XP level 3. HP: 14/26 MP: 5/5
  3106 | D:2      | Reached skill level 3 in Unarmed Combat
  3210 | D:2      | Found a glowing silver altar of Zin.
  3370 | D:2      | Reached XP level 4. HP: 32/32 MP: 6/6
  3641 | D:2      | Found a sparkling altar of Nemelex Xobeh.
  4543 | D:3      | Reached skill level 4 in Unarmed Combat
  5169 | D:3      | Reached XP level 5. HP: 13/37 MP: 7/7
  6166 | D:3      | HP: 1/37 [poisoned by an adder]
  6515 | D:3      | Reached skill level 5 in Unarmed Combat
  6773 | D:3      | Found a stormy altar of Qazlal.
  7238 | D:3      | Found a snail-covered altar of Cheibriados.
  8014 | D:2      | Reached XP level 6. HP: 25/43 MP: 8/8
  8661 | D:3      | Reached skill level 6 in Unarmed Combat
  9292 | D:3      | Found a snail-covered altar of Cheibriados.
  9400 | D:3      | Found a stormy altar of Qazlal.
 10258 | D:4      | Noticed an ogre
 10498 | D:4      | Reached XP level 7. HP: 34/48 MP: 9/9
 11274 | D:4      | Found a burning altar of Makhleb.
 11484 | D:4      | Reached skill level 7 in Unarmed Combat
 11982 | D:4      | Found a bloodstained altar of Trog.
 12197 | D:5      | Entered Level 5 of the Dungeon
 12325 | D:5      | Found a staircase to the Ecumenical Temple.
 12511 | D:5      | Noticed a yak
 12511 | D:5      | Noticed a yak
 12585 | D:4      | Reached XP level 8. HP: 10/56 MP: 10/10
 13172 | D:5      | Found Zidixore's General Store.
 14358 | D:5      | Noticed Prince Ribbit
 14405 | D:4      | HP: 2/60 [killer bee (9)]
 14406 | D:4      | Succumbed to a killer bee's poison

Vault maps used:
D:1:      dpeg_arrival_water_fire, minmay_splitting_lines,
          corexii_leaking_fountain, minivault_25, minmay_fountain_box
D:2:      nemelex_altar_shiori, tgw_xom, lemuel_crystal_altar
D:3:      nicolae_qazlal_eye_of_the_storm, cheibriados_altar_1, serial_aquarium,
          aquarium_bridge_straight, aquarium_window_1, aquarium_window_1,
          aquarium_view_2c, aquarium_view_2c, aquarium_pool_four,
          grunt_ministairs_4, kennysheep_potato
D:4:      lightli_temple_of_fire, makhleb_heckhound_becter,
          roderic_nine_men_s_morris, dk_rats_in_the_wall
D:5:      minmay_temple_entry_statues, serial_shops, shop_statue,
          nicolae_shop_trees, shop_fountains, shop, first_bread, minmay_bent,
          uniq_crazy_yiuf_cottage, uniq_edmund, uniq_prince_ribbit1

Skill      XL: |  1  2  3  4  5  6  7  8 |
---------------+-------------------------+-----
Unarmed Combat | 1 2 3 4 5 6 7 |  7.0
Dodging        | 4 |  4.1
Fighting       | 2 3 |  3.9
Short Blades   | |  1.0
Stealth        | |  1.0
Evocations     | |  3.0

Action                   |  1- 3 |  4- 6 |  7- 9 || total
-------------------------+-------+-------+-------++-------
Melee: Unarmed           |   129 |   238 |   149 ||   516
       Punch             |     1 |     6 |    10 ||    17
Throw: Stone             |    68 |   151 |    80 ||   299
       Tomahawk          |       |       |     3 ||     3
Evoke: Wand              |    11 |    19 |     9 ||    39
  Use: Scroll            |       |     4 |     2 ||     6
 Stab: Paralysed         |       |     2 |       ||     2
       Distracted        |       |     1 |       ||     1
  Eat: Chunk             |     3 |    17 |    10 ||    30
       Bread ration      |     1 |     1 |       ||     2
       Meat ration       |       |       |     1 ||     1
Dodge: Dodged            |    66 |   157 |   106 ||   329
